 Dungeon Crawl Stone Soup version 0.17-b1-15-g0f5fb43 (webtiles) character file.

150399 Eucla the Severer (level 16, -2/154 HPs)
             Began as a Minotaur Gladiator on Nov 7, 2015.
             Was the Champion of Ru.
             Slain by an entropy weaver (12 damage)
             ... on level 4 of the Spider Nest on Nov 8, 2015.
             The game lasted 01:20:38 (39299 turns).

Eucla the Severer (Minotaur Gladiator)             Turns: 39299, Time: 01:20:38

Health: -2/154     AC: -4    Str: 22    XL:     16   Next: 98%
Magic:  15/15      EV: 17    Int:  5    God:    Ru [******]
Gold:   1501       SH:  0    Dex: 19    Spells: 0 memorised, 15 levels left

rFire  + . .     SeeInvis .     s - +7 executioner's axe (elec)
rCold  . . .     Clarity  .     E - +3 plate armour {MR+}
rNeg   + . .     SustAt   .     (shield currently unavailable)
rPois  .         Gourm    .     c - +0 hat
rElec  .         Spirit   .     x - +2 cloak
rCorr  .         Warding  +     A - +0 pair of gloves
rMut   .         Stasis   .     r - +0 pair of boots
MR     ++...                    K - amulet of warding
Stlth  ..........               H - ring of Wusi {+Fly rF+}
                                Q - +3 ring of dexterity

@: corroded equipment, no scrolls, very resistant to hostile enchantments,
extremely unstealthy
A: retaliatory headbutt, horns 2, inability to read while threatened, no
stealth, hated by all, no ice magic, no summoning magic, no transmutations
magic, unskilled 1, inexperienced 1
a: Draw Out Power, Power Leap, Apocalypse, Renounce Religion, Evoke Flight


You were on level 4 of the Spider Nest.
You worshipped Ru.
Ru was exalted by your worship.
You were full.

You visited 5 branches of the dungeon, and saw 32 of its levels.
You also visited: Labyrinth and Ossuary.

You collected 3151 gold pieces.
You spent 1650 gold pieces at shops.

Inventory:

Hand Weapons
 i - a +3 battleaxe of electrocution
 s - a +7 executioner's axe of electrocution (weapon)
 u - a +0 battleaxe of electrocution
Missiles
 d - 4 throwing nets (quivered)
Armour
 c - a +0 hat (worn)
 r - a +0 pair of boots (worn)
 x - a +2 cloak (worn)
 A - a +0 pair of gloves (worn)
 E - a +3 plate armour of magic resistance (worn)
Jewellery
 b - an uncursed ring of protection from magic
 q - an uncursed ring of protection from cold
 t - a +2 ring of evasion
 w - an uncursed ring of poison resistance
 D - an uncursed ring of positive energy
 H - the ring of Wusi (right hand) {+Fly rF+}
   (You found it in a labyrinth)

   [ring of flight]

   It protects you from fire.
   It lets you fly.
 K - an amulet of warding (around neck)
 Q - a +3 ring of dexterity (left hand)
 R - an uncursed amulet of resist mutation
 S - a cursed -3 ring of strength {unknown}
Wands
 m - a wand of digging (11)
 G - a wand of teleportation (4)
 L - a wand of hasting (4)
 U - a wand of disintegration (5)
Scrolls
 a - 9 scrolls of identify
 k - 2 scrolls of magic mapping
 o - 6 scrolls of enchant armour
 p - 6 scrolls of teleportation
 v - a scroll of brand weapon
 y - 3 scrolls of fear
 z - a scroll of holy word
 C - 8 scrolls of fog
 I - 6 scrolls of recharging
 M - 9 scrolls of remove curse
 Z - 3 scrolls of blinking
Potions
 g - 3 potions of resistance
 j - 3 potions of cure mutation
 l - 2 potions of agility
 n - 2 potions of flight
 J - a potion of might
 N - 5 potions of invisibility
 O - 2 potions of berserk rage
 P - a potion of ambrosia
 V - a potion of cancellation
 Y - a potion of magic
Miscellaneous
 f - a fan of gales
 h - a disc of storms
 B - a fan of gales
Comestibles
 e - 17 bread rations


   Skills:
 + Level 16.8 Fighting
 + Level 17.1 Axes
 - Level 1.7 Throwing
 + Level 16.9 Armour
 + Level 15.6 Dodging


You had 15 spell levels left.
You didn't know any spells.

Dungeon Overview and Level Annotations

Branches:
Dungeon (15/15)            Temple (1/1) D:6            Lair (8/8) D:8
  Swamp (0/4) Lair:4       Spider (4/4) Lair:6        Slime (0/6) Lair:8
    Orc (4/4) D:10            Elf (0/3) Orc:4        Vaults (0/5) D:14
 Depths (0/5) D:15

Altars:
Ashenzari
Cheibriados
Dithmenos
Elyvilon
Fedhas
Gozag
Kikubaaqudgha
Makhleb
Nemelex Xobeh
Okawaru
Qazlal
Ru
Sif Muna
Trog
Vehumet
Xom
Yredelemnul
Zin
The Shining One

Shops:
D:7 *   D:13 !   Orc:2 *   Orc:3 }   Orc:4 *}(

Portals:
Hell: Lair:8
Trove: D:15 (give +6 demon whip)


Innate Abilities, Weirdness & Mutations

You reflexively headbutt those who attack you in melee.
You have a pair of horns on your head.
You cannot read scrolls while threatened.
You cannot be stealthy.
You are hated by all.
You cannot study or cast Ice magic.
You cannot study or cast Summoning magic.
You cannot study or cast Transmutations magic.
You are somewhat unskilled (-1 Apt).
You are somewhat inexperienced (-2 XL).


Message History

* * * LOW HITPOINT WARNING * * *
You focus your will and blind the entropy weaver in retribution!
The entropy weaver closely misses you. The entropy weaver hits you!
* * * LOW HITPOINT WARNING * * *
You barely miss the entropy weaver.
The entropy weaver is severely wounded.
You redirect the entropy weaver's attack!
The entropy weaver closely misses itself.
The entropy weaver hits itself.
The entropy weaver hits itself!
The entropy weaver misses itself.
Unknown command.
You catch the helpless entropy weaver completely off-guard!
You hit the entropy weaver but do no damage.
The entropy weaver is almost dead.
The entropy weaver hits you!
* * * LOW HITPOINT WARNING * * *
The entropy weaver hits you!
* * * LOW HITPOINT WARNING * * *
The entropy weaver hits you!
You die...

### #####..#.##..^.###......#
##..###.####....##.^.[^# #
###..^#.##.###.....#....## #
##....##.###^#.....##.....## #
####..^..#..# ######..######..# #
#.....####..# ##..^##.#^.#
####...^.#....# ####..###.#.†#
.........#....####.#.##...###....
##^..#####.....p@..##..#### ##...
#...##.......#....####.## ###.
#...##.......#...##.#...## ####
##...#....########..#....# #^#.
.^#.##....#...^..^.......# ##..
..###...###.............## ##...
###........##..........######....
#..............#####.#..^.##....#
#..###.....#.......####..###.####


You could see an entropy weaver (blind).

Vanquished Creatures
  Rupert (Orc:2)
  Asterion (Spider:2)
  Kirke (Lair:7)
  A ghost moth (Spider:3)
  8 emperor scorpions
  Nessos (Lair:7)
  Azrael (D:13)
  3 dire elephants
  Snorg (Orc:2)
  A vault guard (D:14)
  Josephine (Lair:4)
  3 ogre magi
  A minotaur (Lab)
  2 entropy weavers
  7 hydras
  Erica (D:8)
  4 centaur warriors
  A catoblepas (D:14)
  A sun demon (Lair:8)
  14 death yaks
  Sonja (D:13)
  Nergalle (Orc:2)
  A deep elf knight (D:14)
  An unseen horror (D:12)
  2 deep trolls (Orc:4)
  Pikel (D:7)
  An orc knight (Orc:3)
  8 hill giants
  A necromancer (D:14)
  40 wolf spiders
  A lindwurm (Lair:8)
  2 wizards (D:14)
  5 oklob plants (Lair:2)
  A statue (D:14)
  14 orb spiders
  5 griffons
  3 ugly things
  4 cyclopes
  A salamander (D:15)
  2 moths of wrath
  A sixfirhy (Lair:8)
  6 elephants (Lair:7)
  An elephant (shapeshifter) (D:14)
  3 orange demons (Lair:8)
  4 hornets
  Maurice (D:13)
  5 black mambas
  The ghost of Eucla the Skirmisher, a novice HOFi (Ossuary)
  The ghost of Eucla the Twirler, a novice MiGl of Ru (D:5)
  A torpor snail (Lair:8)
  2 gargoyles
  6 fire drakes
  2 kobold demonologists (D:15)
  12 demonic crawlers
  13 komodo dragons
  A red devil (Lair:8)
  9 spiny frogs
  A hellwing (Lair:8)
  17 jumping spiders
  16 trolls
  A tengu conjurer (D:14)
  6 two-headed ogres
  3 polar bears
  3 blue devils (Lair:8)
  A minotaur skeleton (Lab)
  11 blink frogs
  A trapdoor spider zombie (D:10)
  3 slime creatures
  3 centaur simulacra (D:13)
  42 yaks
  Sigmund (D:2)
  19 trapdoor spiders
  19 tarantellas
  5 hogs
  23 redbacks
  4 wyverns
  3 deep elf magi
  21 humans
  2 water elementals (D:13)
  3 hungry ghosts
  4 wraiths
  4 fire elementals (D:13)
  2 shadows (Lab)
  21 wolves
  5 basilisks
  Grum (D:7)
  17 hippogriffs
  A deep elf fighter (Orc:4)
  Menkaure (D:7)
  2 wargs
  A mottled dragon (D:14)
  3 soldier ants
  6 vampire mosquitoes
  3 hell hounds (Lair:8)
  23 porcupines
  24 water moccasins
  Duvessa (D:4)
  16 spiders
  An eye of draining (D:12)
  2 wasps
  16 orc warriors
  3 ice beasts
  5 sky beasts
  2 slaves (D:7)
  A black bear (D:8)
  18 crocodiles
  2 necrophages
  3 phantoms
  33 ogres
  22 centaurs
  6 big kobolds
  Blork the orc (D:4)
  A wyvern zombie (D:13)
  12 giant frogs
  Dowan (D:4)
  3 scorpions
  A wyvern skeleton (D:8)
  19 killer bees
  A giant frog zombie (D:5)
  6 wights
  8 crimson imps
  4 centaur zombies
  6 electric eels
  6 jellies
  A wasp zombie (D:6)
  17 orc priests
  Crazy Yiuf (D:4)
  7 centaur skeletons
  4 hounds
  9 iguanas
  2 giant frog skeletons
  28 orc wizards
  Natasha (thrice) (D:2)
  11 worker ants
  5 hell rats
  12 sheep
  2 big kobold zombies (Ossuary)
  A giant frog simulacrum (D:13)
  2 hound zombies
  2 mummies (Ossuary)
  2 human simulacra (D:10)
  2 worker ant zombies (D:5)
  Robin (D:2)
  33 river rats
  9 adders
  19 gnolls
  3 shadow imps
  6 white imps (D:13)
  2 oozes
  6 adder zombies
  2 worms (D:2)
  5 giant geckos
  126 orcs
  2 giant cockroaches
  19 hobgoblins
  7 jackals
  22 kobolds
  2 quokkas
  4 ball pythons
  5 bats
  11 giant newts
  14 goblins
  3 goblin zombies (Ossuary)
  10 hobgoblin zombies (Ossuary)
  A jackal skeleton (D:6)
  8 kobold zombies (Ossuary)
  9 orc zombies (Ossuary)
  A quokka zombie (D:7)
  13 rats
  2 rat zombies
  5 bushes (D:14)
  33 fungi
  33 plants
1271 creatures vanquished.

Vanquished Creatures (others)
  A ghost moth (Spider:4)
  The ghost of unimpressed the Severer, a journeyman MiBe of Trog (Lair:6)
  2 wolf spiders
  An orb spider (Spider:3)
  A wizard (Lair:8)
  A wolf spider zombie (D:14)
  A statue (D:14)
  2 elephants (Lair:7)
  A centaur skeleton (D:14)
  A two-headed ogre (Orc:4)
  A jumping spider (Spider:4)
  2 tarantellas
  A redback (Spider:3)
  A spider (Spider:1)
  A slave (D:8)
  A sky beast (D:14)
  A centaur (D:15)
  A scorpion (D:8)
  A crimson imp (D:8)
  An orc priest (Orc:3)
  An orc wizard (D:10)
  5 orcs
  2 kobolds
  A rat (D:8)
  21 fungi
  19 plants
72 creatures vanquished.

Grand Total: 1343 creatures vanquished

Notes
Turn   | Place    | Note
--------------------------------------------------------------
     0 | D:1      | Eucla the Minotaur Gladiator began the quest for the Orb.
     0 | D:1      | Reached XP level 1. HP: 18/18 MP: 0/0
   147 | D:1      | Reached XP level 2. HP: 20/25 MP: 1/1
   267 | D:1      | Reached skill level 1 in Armour
   386 | D:1      | Reached skill level 4 in Axes
   865 | D:2      | Reached XP level 3. HP: 26/30 MP: 2/2
   870 | D:2      | Noticed Robin
   880 | D:2      | Killed Robin
   900 | D:2      | Noticed Natasha
   904 | D:2      | Killed Natasha
   904 | D:2      | Reached XP level 4. HP: 14/38 MP: 3/3
   924 | D:2      | Noticed Natasha
   927 | D:2      | HP: 1/38 [Natasha/magic dart (8)]
   931 | D:2      | Killed Natasha
  1073 | D:2      | Noticed Natasha
  1079 | D:2      | Killed Natasha
  1805 | D:2      | Reached XP level 5. HP: 46/46 MP: 4/4
  1979 | D:2      | Noticed Sigmund
  2000 | D:2      | Killed Sigmund
  2000 | D:2      | Reached skill level 5 in Axes
  2000 | D:2      | Reached XP level 6. HP: 29/53 MP: 5/5
  2153 | D:3      | Found a white marble altar of Elyvilon.
  2156 | D:3      | Found a glowing silver altar of Zin.
  2340 | D:3      | Found a glowing golden altar of the Shining One.
  2445 | D:3      | Found an iron altar of Okawaru.
  2459 | D:3      | Found a bloodstained altar of Trog.
  2515 | D:3      | Reached skill level 5 in Dodging
  2859 | D:4      | Noticed Crazy Yiuf
  2872 | D:4      | Killed Crazy Yiuf
  3254 | D:4      | Reached XP level 7. HP: 57/60 MP: 6/6
  3315 | D:4      | Found an opulent altar of Gozag.
  3406 | D:4      | Noticed Duvessa
  3406 | D:4      | Noticed Dowan
  3415 | D:4      | Killed Duvessa
  3415 | D:4      | Reached skill level 5 in Fighting
  3415 | D:4      | Reached skill level 6 in Axes
  3423 | D:4      | Killed Dowan
  3539 | D:4      | Noticed Blork the orc
  3546 | D:4      | Killed Blork the orc
  3687 | D:4      | Reached skill level 5 in Armour
  3922 | D:5      | Entered Level 5 of the Dungeon
  3968 | D:5      | Reached XP level 8. HP: 68/70 MP: 7/7
  3978 | D:5      | Noticed Eucla's ghost (novice MiGl)
  3997 | D:5      | Killed Eucla's ghost
  3997 | D:5      | Reached skill level 7 in Axes
  5051 | D:6      | Reached skill level 8 in Axes
  5062 | D:6      | Found a staircase to the Ecumenical Temple.
  5072 | D:6      | Reached XP level 9. HP: 77/79 MP: 8/8
  5089 | Temple   | Entered the Ecumenical Temple
  5395 | Temple   | Became a worshipper of Ru the Awakened
  5937 | D:6      | Found an ancient bone altar of Kikubaaqudgha.
  5940 | D:6      | Found a blossoming altar of Fedhas.
  6200 | D:6      | Found a deep blue altar of Sif Muna.
  6479 | D:7      | Found a snail-covered altar of Cheibriados.
  6492 | D:7      | Found a stormy altar of Qazlal.
  6612 | D:7      | Reached skill level 9 in Axes
  6630 | D:7      | Gained mutation: You cannot be stealthy. [Ru sacrifice]
  6682 | D:7      | Found a radiant altar of Vehumet.
  6694 | D:7      | Found a sand-covered staircase.
  6711 | Ossuary  | Entered an ossuary
  6749 | Ossuary  | Noticed Eucla's ghost (novice HOFi)
  6774 | Ossuary  | Killed Eucla's ghost
  6774 | Ossuary  | Reached XP level 10. HP: 60/90 MP: 9/9
  7142 | D:7      | Found Gouj Bue's Serpentskin Sales.
  7173 | D:7      | Noticed Menkaure
  7176 | D:7      | Found a shattered altar of Ashenzari.
  7181 | D:7      | Killed Menkaure
  7618 | D:8      | Reached skill level 10 in Axes
  7629 | D:8      | Found a staircase to the Lair.
  7630 | D:8      | Noticed Pikel
  7637 | D:8      | Noticed Grum
  7880 | D:7      | Killed Pikel
  7890 | D:7      | Killed Grum
  7997 | D:8      | Reached skill level 10 in Fighting
  8494 | D:8      | Noticed Erica
  8530 | D:8      | Killed Erica
  8931 | D:8      | Gained mutation: You cannot read scrolls while threatened. [Ru sacrifice]
  8931 | D:8      | Reached * piety under Ru
  8931 | D:8      | Reached ** piety under Ru
  9026 | D:8      | Reached skill level 10 in Armour
  9081 | D:8      | Reached XP level 11. HP: 31/101 MP: 10/10
  9803 | D:9      | Reached skill level 11 in Axes
  9809 | D:9      | Reached skill level 10 in Dodging
 11263 | D:10     | Entered Level 10 of the Dungeon
 11311 | D:10     | Gained mutation: You are hated by all. [Ru sacrifice]
 11311 | D:10     | Reached *** piety under Ru
 12175 | D:10     | Noticed a hill giant
 12184 | D:10     | Killed a hill giant
 12675 | D:10     | Found a staircase to the Orcish Mines.
 13239 | D:11     | Noticed a hill giant
 13250 | D:11     | Killed a hill giant
 13308 | D:11     | Reached skill level 12 in Axes
 13561 | D:11     | Reached XP level 12. HP: 98/110 MP: 11/11
 14026 | Lair:1   | Entered Level 1 of the Lair of Beasts
 15128 | Lair:2   | Noticed a seven-headed hydra
 15140 | Lair:2   | Gained mutation: You are somewhat unskilled (-1 Apt). [Ru sacrifice]
 15140 | Lair:2   | Reduced skill Throwing to level 1
 15140 | Lair:2   | Reached **** piety under Ru
 15145 | Lair:2   | Killed a nine-headed hydra
 15705 | Lair:2   | Reached skill level 12 in Axes
 16808 | Lair:4   | Noticed Josephine
 16818 | Lair:4   | Killed Josephine
 16821 | Lair:4   | Reached XP level 13. HP: 96/117 MP: 12/12
 16874 | Lair:4   | Noticed a five-headed hydra
 16897 | Lair:4   | Killed a ten-headed hydra
 17265 | Lair:4   | Gained mutation: You are somewhat inexperienced (-2 XL). [Ru sacrifice]
 17265 | Lair:4   | Reached XP level 12. HP: 111/111 MP: 11/11
 17265 | Lair:4   | Reached XP level 11. HP: 103/103 MP: 10/10
 17265 | Lair:4   | Reached ***** piety under Ru
 17315 | Lair:4   | Found a staircase to the Swamp.
 18263 | Lair:5   | Noticed a death yak
 18264 | Lair:5   | Noticed a death yak
 18265 | Lair:5   | Noticed a death yak
 18266 | Lair:5   | Noticed a death yak
 18269 | Lair:5   | Noticed a death yak
 18272 | Lair:5   | Killed a death yak
 18273 | Lair:5   | Killed a death yak
 18275 | Lair:5   | Killed a death yak
 18278 | Lair:5   | Killed a death yak
 18279 | Lair:5   | Killed a death yak
 18279 | Lair:5   | Reached skill level 13 in Axes
 18626 | Lair:5   | Reached XP level 12. HP: 99/112 MP: 11/11
 18881 | Lair:5   | Got a heavily runed scale mail
 19209 | Lair:6   | Found a labyrinth entrance.
 19218 | Lab      | Entered a labyrinth
 19387 | Lab      | Gained mutation: You cannot study or cast Ice magic. [Ru sacrifice]
 19387 | Lab      | Gained mutation: You cannot study or cast Transmutations magic. [Ru sacrifice]
 19387 | Lab      | Gained mutation: You cannot study or cast Summoning magic. [Ru sacrifice]
 19387 | Lab      | Reached ****** piety under Ru
 20048 | Lab      | Noticed a minotaur
 20059 | Lab      | Killed a minotaur
 20070 | Lab      | Got a scorched bronze ring
 20104 | Lab      | Identified the +2 scale mail of Instinct {rPois rN+ Regen+ Str-3} (You found it on level 5 of the Lair of Beasts)
 20156 | Lair:6   | Identified the ring of Wusi {+Fly rF+} (You found it in a labyrinth)
 20180 | Lair:6   | Noticed unimpressed's ghost (journeyman MiBe)
 20193 | Lair:6   | Killed unimpressed's ghost
 20522 | Lair:6   | Found a hole to the Spider Nest.
 20963 | Lair:7   | Noticed Kirke
 20971 | Lair:7   | Noticed Nessos
 20975 | Lair:7   | Killed Kirke
 20997 | Lair:7   | Reached XP level 13. HP: 56/122 MP: 5/12
 21013 | Lair:7   | Killed Nessos
 21536 | Lair:7   | Noticed a five-headed hydra
 21543 | Lair:7   | Killed a nine-headed hydra
 21751 | Lair:7   | Reached skill level 14 in Axes
 22173 | Lair:8   | Entered Level 8 of the Lair of Beasts
 22220 | Lair:8   | Found a staircase to the Slime Pits.
 22652 | Lair:8   | Noticed a dire elephant
 22663 | Lair:8   | Killed a dire elephant
 22875 | Lair:8   | Noticed a dire elephant
 22888 | Lair:8   | Killed a dire elephant
 23628 | Lair:8   | Reached XP level 14. HP: 30/132 MP: 13/13
 24248 | Lair:8   | Found a burning altar of Makhleb.
 24254 | Lair:8   | Found a gateway to Hell.
 26082 | D:12     | Noticed a seven-headed hydra
 26093 | D:12     | Killed a 16-headed hydra
 26461 | D:13     | Noticed Maurice
 26470 | D:13     | Killed Maurice
 26538 | D:13     | Noticed Azrael
 26560 | D:13     | Killed Azrael
 26560 | D:13     | Reached skill level 15 in Axes
 26988 | D:13     | Found Puguseu's Distillery.
 27002 | D:13     | Bought a potion of curing for 39 gold pieces
 27201 | D:13     | Noticed Sonja
 27208 | D:13     | Killed Sonja
 28337 | D:14     | Reached XP level 15. HP: 70/139 MP: 14/14
 28412 | D:14     | Reached skill level 15 in Armour
 28470 | D:14     | Found a gate to the Vaults.
 28637 | D:14     | Reached skill level 15 in Fighting
 28898 | D:15     | Entered Level 15 of the Dungeon
 28907 | D:15     | Found a staircase to the Depths.
 29410 | D:15     | Found an opulent altar of Gozag.
 29779 | D:15     | Found a portal to a secret trove of treasure.
 30302 | Orc:1    | Entered Level 1 of the Orcish Mines
 30677 | Orc:2    | Noticed Rupert
 30677 | Orc:2    | Noticed Snorg
 30679 | Orc:2    | Found Baffivubaph's Bounteous Boutique.
 30679 | Orc:2    | Noticed Nergalle
 30689 | Orc:2    | Killed Rupert
 30696 | Orc:2    | Killed Nergalle
 30698 | Orc:2    | Killed Snorg
 30746 | Orc:2    | Bought a scroll of brand weapon for 320 gold pieces
 30746 | Orc:2    | Bought a scroll of brand weapon for 320 gold pieces
 30746 | Orc:2    | Bought a scroll of brand weapon for 320 gold pieces
 31072 | Orc:3    | Found Teosak's Quality Used Wands.
 31323 | Orc:4    | Entered Level 4 of the Orcish Mines
 31430 | Orc:4    | Found Hocyub's Antique Weapon Boutique.
 31752 | Orc:4    | Found Duphaub's Food Emporium.
 31795 | Orc:4    | Found Fietoufam's Gadget Shop.
 31796 | Orc:4    | Found Rufeon's Assorted Antiques.
 31827 | Orc:4    | Bought a scroll labeled FOL UH JEWAKE for 26 gold pieces
 31844 | Orc:4    | Bought a runed executioner's axe for 240 gold pieces
 31849 | Orc:4    | Bought a bread ration for 50 gold pieces
 31849 | Orc:4    | Bought a royal jelly for 20 gold pieces
 31849 | Orc:4    | Bought a royal jelly for 20 gold pieces
 31849 | Orc:4    | Bought a slice of pizza for 15 gold pieces
 31849 | Orc:4    | Bought a royal jelly for 20 gold pieces
 31849 | Orc:4    | Bought a meat ration for 50 gold pieces
 31849 | Orc:4    | Bought a beef jerky for 15 gold pieces
 31849 | Orc:4    | Bought a bread ration for 50 gold pieces
 31849 | Orc:4    | Bought a meat ration for 50 gold pieces
 31849 | Orc:4    | Bought a beef jerky for 15 gold pieces
 32002 | Orc:4    | Found a staircase to the Elven Halls.
 32173 | Orc:2    | Bought a bread ration for 80 gold pieces
 32513 | Spider:1 | Entered Level 1 of the Spider Nest
 32721 | Spider:1 | Reached skill level 16 in Axes
 34327 | Spider:2 | Noticed Asterion
 34333 | Spider:2 | Killed Asterion
 34333 | Spider:2 | Reached XP level 16. HP: 68/151 MP: 15/15
 34879 | Spider:3 | Reached skill level 15 in Dodging
 36505 | Spider:4 | Entered Level 4 of the Spider Nest
 37483 | Spider:4 | HP: 1/152 [disintegration (50)]
 37497 | Spider:4 | Reached skill level 17 in Axes
 39299 | Spider:4 | Slain by an entropy weaver

Action                   |  1- 3 |  4- 6 |  7- 9 | 10-12 | 13-15 | 16-18 || total
-------------------------+-------+-------+-------+-------+-------+-------++-------
Melee: War axe           |    66 |   143 |   326 |    39 |       |       ||   574
       Battleaxe         |       |       |       |  1024 |  1088 |       ||  2112
       Executioner's axe |       |       |       |       |   153 |   345 ||   498
Throw: Throwing net      |       |     2 |       |     5 |     3 |     8 ||    18
Invok: Sacrifice Stealth |       |       |     1 |       |       |       ||     1
       Sacrifice Words   |       |       |       |     1 |       |       ||     1
       Draw Out Power    |       |       |       |     2 |     4 |     4 ||    10
       Sacrifice Love    |       |       |       |     1 |       |       ||     1
       Sacrifice Experie |       |       |       |     1 |       |       ||     1
       Apocalypse        |       |       |       |     2 |     7 |     1 ||    10
       Sacrifice Arcana  |       |       |       |     1 |       |       ||     1
       Sacrifice Skill   |       |       |       |     1 |       |       ||     1
       Power Leap        |       |       |       |       |     3 |       ||     3
Evoke: Wand              |       |       |       |     7 |       |       ||     7
       Fan of gales      |       |       |       |       |       |     1 ||     1
  Use: Scroll            |     4 |       |       |    26 |     9 |     8 ||    47
       Potion            |       |     5 |     2 |    11 |     5 |     7 ||    30
 Stab: Invisible         |       |       |       |    18 |    16 |     9 ||    43
       Distracted        |       |       |       |     6 |    11 |     4 ||    21
       Paralysed         |       |       |       |     1 |    20 |     1 ||    22
       Petrifying        |       |       |       |       |     1 |       ||     1
       Held in net/web   |       |       |       |       |       |     1 ||     1
  Eat: Bread ration      |       |     1 |       |       |       |       ||     1
       Chunk             |       |     3 |     7 |    12 |     4 |       ||    26
       Fruit             |       |       |     4 |     2 |     4 |       ||    10
       Beef jerky        |       |       |     1 |     4 |     5 |       ||    10
       Pizza             |       |       |       |     9 |     2 |     1 ||    12
       Meat ration       |       |       |       |     3 |     5 |     3 ||    11
       Royal jelly       |       |       |       |       |     3 |       ||     3
